 Dungeon Crawl Stone Soup version 0.30-a0-840-ga523dec638 (webtiles) character file.

Game seed: 15604805752856351106

90773 Newt the Markskobold (level 16, -1/87 HPs)
             Began as a Kobold Hunter on Mar 1, 2023.
             Was a High Priest of Hepliaklqana.
             Slain by a steelbarb worm (12 damage)
             ... on level 2 of the Spider Nest.
             The game lasted 00:32:26 (20415 turns).

Newt the Markskobold (Kobold Hunter)               Turns: 20415, Time: 00:32:27

Health: -1/87      AC: 13    Str:  9    XL:     16   Next: 48%
Magic:  33/34      EV: 27    Int: 10    God:    Hepliaklqana [*****.]
Gold:   194        SH:  0    Dex: 23    Spells: 19/27 levels left

rFire   . . .      SeeInvis .    I - +12 shortbow "Acaylun" {heavy, rC+++ Dex-5 Stlth+}
rCold   + + +      Faith    .    (shield currently unavailable)
rNeg    . . .      Spirit   .    n - +3 robe of Clouds {*Thunder rCloud rElec}
rPois   +          Reflect  .    r - +0 helmet of Hubris {-Tele Will++ Regen+ MP+9}
rElec   +          Harm     .    j - scarf {repulsion}
rCorr   .          Rampage  .    (no gloves)
Will    +++..      NoTele   +    q - +1 pair of boots of Simohak {+Inv}
Stlth   ++++                     t - amulet of the acrobat
HPRegen 1.14/turn                C - ring of poison resistance
MPRegen 0.24/turn                x - +4 ring of protection

@: wereblooded, spiked, hasted, studying Summonings, repel missiles, very quick
A: reduced essence, small, no large weapons, nightstalker 3, agile 1, cold
resistance 1, sense surroundings 1
a: Renounce Religion, Evoke Invisibility, Recall Ancestor, Ancestor Identity,
Transference, Idealise


You were on level 2 of the Spider Nest.
You worshipped Hepliaklqana.
Hepliaklqana was extremely pleased with you.
You visited 5 branches of the dungeon, and saw 22 of its levels.
You also visited: Bailey.

You collected 2454 gold pieces.
You spent 2260 gold pieces at shops.

Inventory:

Hand Weapons
 a - a +1 shortbow
 z - a +4 arbalest
 I - the +12 shortbow "Acaylun" (weapon) {heavy, rC+++ Dex-5 Stlth+}
   (You acquired it on level 8 of the Dungeon)

   Dex:       It affects your dexterity (-5).
   rC:        It renders you almost immune to cold.
   Stlth:     It makes you more stealthy.
Missiles
 R - 2 throwing nets
Armour
 j - a scarf of repulsion (worn)
 n - the +3 robe of Clouds (worn) {*Thunder rCloud rElec}
   (You found it on level 12 of the Dungeon)

   *Thunder:  It occasionally creates storm clouds above nearby enemies.
   rCloud:    It grants its wearer immunity to clouds.
   rElec:     It insulates you from electricity.
 q - the +1 pair of boots of Simohak (worn) {+Inv}
   (You found it on level 2 of the Dungeon)

   +Inv:      It lets you turn invisible.
 r - the +0 helmet of Hubris (worn) {-Tele Will++ Regen+ MP+9}
   (You found it on level 3 of the Dungeon)

   MP:        It affects your magic capacity (+9).
   -Tele:     It prevents most forms of teleportation.
   Regen:     It increases your rate of health regeneration.
   Will:      It greatly increases your willpower.
 u - the +1 ring mail of Beannago {Str-2 Int+4 Dex+3}
   (You found it on level 3 of the Dungeon)

   Str:       It affects your strength (-2).
   Int:       It affects your intelligence (+4).
   Dex:       It affects your dexterity (+3).
 y - +0 acid dragon scales
 D - a +1 leather armour of cold resistance
 F - a +2 robe of resistance
Jewellery
 g - a ring of resist corrosion
 t - an amulet of the acrobat (around neck)
 x - a +4 ring of protection (right hand)
 C - a ring of poison resistance (left hand)
 U - an amulet of regeneration
 W - a ring of willpower
 Y - an amulet of reflection
Wands
 d - a wand of flame (28)
 s - a wand of polymorph (4)
 E - a wand of roots (4)
 H - a wand of digging (6)
 S - a wand of charming (20)
 Z - a wand of quicksilver (19)
Scrolls
 b - a scroll of immolation
 f - 8 scrolls of blinking
 w - 8 scrolls of teleportation
 B - 2 scrolls of poison
 K - 17 scrolls of identify
 L - 2 scrolls of fear
 P - 6 scrolls of enchant weapon
 T - a scroll of magic mapping
Potions
 e - 9 potions of curing
 h - 3 potions of might
 i - 4 potions of brilliance
 k - 2 potions of resistance
 l - 4 potions of cancellation
 m - 4 potions of lignification
 o - 2 potions of flight
 p - a potion of haste
 v - 5 potions of mutation
 A - a potion of heal wounds
 J - a potion of berserk rage {unknown}
 N - a potion of ambrosia
 O - a potion of magic
Miscellaneous
 c - a piece from Xom's chessboard (15/15)
 G - a lightning rod (4/4)
 Q - a tin of tremorstones (2/2)


   Skills:
 - Level 10.0 Fighting
 - Level 20.0 Ranged Weapons
 - Level 6.7 Armour
 - Level 14.0 Dodging
 - Level 1.3 Stealth
 - Level 6.0 Spellcasting
 - Level 8.0 Hexes
 + Level 5.6 Summonings
 - Level 5.0 Translocations
 - Level 6.0 Transmutations
 - Level 10.0 Invocations
 - Level 8.0 Evocations


You had 19 spell levels left.
You knew the following spells:

 Your Spells              Type           Power      Damage    Failure   Level
a - Wereblood             Tmut           15%        N/A       2%          2
b - Portal Projectile     Hex/Tloc       32%        N/A       4%          3
c - Summon Guardian Gole  Hex/Summ       16%        N/A       3%          3

Your spell library contained the following spells:

 Spells                   Type           Power      Damage    Failure   Level
 Beastly Appendage        Tmut           30%        N/A       1%          1
 Summon Small Mammal      Summ           56%        N/A       1%          1
 Apportation              Tloc           26%        N/A       2%          1
 Tukima's Dance           Hex            19%        N/A       2%          3
 Call Imp                 Summ           14%        N/A       3%          2
 Sting                    Tmut/Pois      36%        1d4       6%          1
 Call Canine Familiar     Summ           14%        N/A       6%          3
 Spider Form              Tmut/Pois      9%         N/A       19%         3
 Magic Dart               Conj           12%        1d3       21%         1
 Necrotise                Necr           12%        1d4       21%         1
 Poisonous Vapours        Pois/Air       6%         N/A       30%         2
 Searing Ray              Conj           6%         2d4       30%         2
 Fulminant Prism          Conj/Hex       5%         3d7       36%         4
 Blade Hands              Tmut           7%         N/A       43%         5
 Mephitic Cloud           Conj/Pois/Air  3%         N/A       52%         3
 Ozocubu's Armour         Ice            3%         N/A       52%         3
 Summon Forest            Summ/Tloc      6%         N/A       54%         5
 Olgreb's Toxic Radiance  Pois           3%         N/A       90%         4
 Eringya's Noxious Bog    Tmut/Pois      4%         N/A       100%        6
 Ozocubu's Refrigeration  Ice            1%         4d7       100%        7
 Summon Hydra             Summ           7%         N/A       100%        7


Dungeon Overview and Level Annotations

Branches:
Dungeon (12/15)            Temple (1/1) D:5            Lair (5/5) D:10
 Shoals (0/4) Lair:2       Spider (2/4) Lair:2        Slime (0/5) Lair:5
    Orc (2/2) D:11            Elf (0/3) Orc:2        Bailey (visited)

Altars:
Ashenzari
Cheibriados
Dithmenos
Elyvilon
Fedhas
Gozag
Hepliaklqana
Kikubaaqudgha
Makhleb
Nemelex Xobeh
Okawaru
Qazlal
Ru
Sif Muna
Trog
Uskayaw
Vehumet
Wu Jian
Xom
Yredelemnul
Zin
The Shining One
Lugonu

Shops:
D:4 (   D:6 =   D:8 !   Orc:2 ![*:

Portals:
Abyss: Lair:5
Pandemonium: Orc:2


Innate Abilities, Weirdness & Mutations

Your life essence is reduced to manifest your ancestor. (-10% HP)
You are small and have problems with some larger weapons.
You are completely attuned to the shadows.
You are agile. (Dex +4, Str/Int -1)
Your flesh is cold resistant. (rC+)
You passively map a small area around you.


Message History

You shoot an arrow. The arrow hits the jumping spider!!
You kill the jumping spider!
The redback is struck by lightning.
Appia blocks the redback's attack.
The redback bites Appia but does no damage.
The demonic crawler hits Appia!
Appia blocks the demonic crawler's attack.
The demonic crawler hits Appia.
A boulder beetle comes into view.
You shoot an arrow. The arrow hits the spark wasp!!
The spark wasp is heavily wounded.
Storm clouds gather above the steelbarb worm.
You hear a faint skittering sound.
You hear a chilling moan.
The redback barely misses Appia.
The spark wasp barely misses you.
The redback bites Appia!
The demonic crawler hits Appia.
The demonic crawler hits Appia!!
Appia is destroyed!
The steelbarb worm is struck by lightning.
The steelbarb worm misses you. The spark wasp stings you!!
The spark wasp shocks you. You resist.
The redback is struck by lightning.
You kill the redback!
The redback attacks as you move away! The redback bites you.
The steelbarb worm attacks as you move away!
The steelbarb worm hits you!
Barbed spikes become lodged in your body.
The barbed spikes dig painfully into your body as you move.
A pharaoh ant comes into view.
The redback completely misses you.
You feel yourself speed up.
Storm clouds gather above the steelbarb worm.
Storm clouds gather above the demonic crawler.
The steelbarb worm is struck by lightning.
The steelbarb worm hits you!
Barbed spikes become lodged in your body.
The spark wasp stings you!
* * * LOW HITPOINT WARNING * * *
The spark wasp shocks you. You resist.
* * * LOW HITPOINT WARNING * * *
The steelbarb worm hits you!
You die...

, , , , ** , ** , ,
,.###....# * * ,, ,
....^..^^ * * , ,
,,,, .^..§..., , ,
,,,###B(§..., , * *
^##...§[... ,
#####.[sysw[.., ,
####.......s@.... ,
####..............B.
,
#...............^...
,
#...†...............
#.....†.............
,
#...........###.....
##..........##...†.#.
,
#...........#....†.#
,
#........^.##......#
,


You could see a boulder beetle, a steelbarb worm, a spark wasp, a demonic
crawler, a pharaoh ant and 2 redbacks.

Vanquished Creatures
  A ghost moth (Spider:1)
  An orc warlord (Bailey)
  An ettin (Orc:2)
  An entropy weaver (shapeshifter) (Lair:5)
  A demonspawn (Orc:2)
  An entropy weaver (Spider:1)
  3 hydras
  2 boulder beetles
  5 two-headed ogres
  7 orc high priests (Orc:2)
  2 thrashing horrors (Lair:5)
  A soul eater (Orc:2)
  3 orb spiders
  6 orc knights (Orc:2)
  5 wolf spiders
  2 steelbarb worms (Spider:1)
  An orc sorcerer (Orc:2)
  3 ugly things (Lair:5)
  A manticore (D:12)
  3 cyclopes
  13 elephants
  Maurice (Orc:2)
  2 demonic crawlers
  Maggie (D:6)
  5 cane toads
  A gargoyle (D:12)
  A smoke demon (Lair:5)
  2 torpor snails
  An unseen horror (D:12)
  2 rime drakes
  Psyche (D:11)
  2 kobold demonologists (D:11)
  4 komodo dragons
  An ancient zyme (Lair:5)
  A tarantella (Spider:1)
  8 trolls
  2 polar bears
  Prince Ribbit (D:5)
  A hornet (D:9)
  9 blink frogs (Lair:5)
  17 jumping spiders
  16 slime creatures (D:12)
  Sigmund (D:3)
  4 culicivoras (Spider:1)
  4 ynoxinuls (Lair:5)
  2 wraiths
  7 yaks (Lair:5)
  6 basilisks
  Eustachio (D:5)
  2 wyverns
  2 vampire mosquitoes (D:12)
  Grum (D:8)
  19 redbacks
  A chaos spawn (Lair:5)
  An acid dragon (D:12)
  3 wargs
  Edmund (D:5)
  10 water moccasins
  Duvessa (D:6)
  30 orc warriors
  2 sky beasts (D:7)
  4 black bears
  16 ogres
  3 centaurs
  10 wolves
  3 kobold brigands
  4 gnoll sergeants
  8 bullfrogs
  3 scorpions
  A necrophage (D:7)
  9 small abominations (Lair:5)
  9 wights
  Dowan (D:6)
  10 killer bees
  An electric eel (Lair:1)
  7 howler monkeys
  2 jellies
  10 hounds
  26 orc priests
  5 gnoll boudas
  5 iguanas
  29 orc wizards
  An ogre zombie (Orc:1)
  39 gnolls
  7 adders
  A shadow imp (D:8)
  2 worms
  2 dart slugs
  82 orcs
  11 ball pythons
  2 bats (D:1)
  6 endoplasms
  3 giant cockroaches
  27 goblins
  19 hobgoblins
  8 jackals
  4 quokkas
  7 frilled lizards
  16 kobolds
  8 rats
651 creatures vanquished.

Vanquished Creatures (collateral kills)
  Saint Roka (Orc:2)
  An entropy weaver (Spider:1)
  An ogre mage (Orc:1)
  Erolcha (D:11)
  3 two-headed ogres (Orc:1)
  A boulder beetle (Spider:1)
  2 orc high priests (Orc:2)
  An ugly thing (Lair:5)
  A wolf spider (Spider:1)
  2 orc sorcerers (Orc:2)
  7 elephants
  2 cane toads
  A rust devil (Orc:2)
  An orange demon (Orc:2)
  A black mamba (Lair:1)
  A komodo dragon (Lair:1)
  An ancient zyme (Lair:5)
  2 tarantellas (Spider:1)
  2 blink frogs (Lair:5)
  3 jumping spiders
  3 slime creatures (D:12)
  A large abomination (Lair:5)
  A yak (Lair:5)
  3 redbacks (Spider:1)
  2 basilisks
  A warg (Orc:2)
  A small abomination (Lair:5)
  A water moccasin (Lair:4)
  8 orc warriors (Orc:2)
  6 ogres
  A centaur (D:10)
  3 wolves
  A wight (D:9)
  2 killer bees
  3 orc priests
  2 orc wizards (Orc:2)
  2 gnolls
  9 orcs
  A kobold (D:9)
86 creatures vanquished.

Vanquished Creatures (others)
  A jumping spider (Spider:1)
  7 knights
  An orc wizard (D:6)
  An orc (D:4)
  A quokka (D:4)
  5 fungi
  12 plants
28 creatures vanquished.

Grand Total: 765 creatures vanquished

Notes
Turn   | Place    | Note
-------+----------+-------------------------------------------
     0 | D:1      | Newt the Kobold Hunter began the quest for the Orb.
     0 | D:1      | Reached XP level 1. HP: 12/12 MP: 1/1
   302 | D:1      | Reached XP level 2. HP: 18/18 MP: 2/2
  1212 | D:2      | Reached XP level 3. HP: 23/23 MP: 3/3
  1356 | D:2      | Found a faded altar of an unknown god.
  1423 | D:2      | Reached XP level 4. HP: 8/30 MP: 4/4
  1734 | D:2      | Identified the +1 pair of boots of Simohak {+Inv}
  1995 | D:2      | Reached skill level 5 in Fighting
  2616 | D:3      | Reached skill level 6 in Ranged Weapons
  2616 | D:3      | Reached XP level 5. HP: 35/35 MP: 5/5
  2717 | D:3      | Identified the +0 helmet of Hubris {-Tele Will++ Regen+
                  | MP+9}
  3020 | D:3      | Noticed Sigmund
  3032 | D:3      | Killed Sigmund
  3033 | D:3      | Reached skill level 8 in Ranged Weapons
  3033 | D:3      | Reached XP level 6. HP: 21/40 MP: 6/6
  3209 | D:3      | Identified the +1 ring mail of Beannago {Str-2 Int+4 Dex+3}
  3588 | D:3      | Noticed an ogre
  3598 | D:3      | Killed an ogre
  3599 | D:3      | Reached skill level 9 in Ranged Weapons
  3599 | D:3      | Reached XP level 7. HP: 17/44 MP: 7/7
  4205 | D:4      | Found a snail-covered altar of Cheibriados.
  4288 | D:4      | Found Fiukuleb's Weapon Emporium.
  4330 | D:4      | Found a white marble altar of Elyvilon.
  4956 | D:5      | Entered Level 5 of the Dungeon
  5086 | D:5      | Reached skill level 10 in Ranged Weapons
  5133 | D:5      | Reached XP level 8. HP: 9/49 MP: 8/8
  5135 | D:5      | Reached skill level 5 in Dodging
  5211 | D:5      | Noticed Eustachio
  5219 | D:5      | Killed Eustachio
  5232 | D:5      | Noticed Edmund
  5245 | D:5      | Killed Edmund
  5315 | D:5      | Noticed Prince Ribbit
  5328 | D:5      | Killed Prince Ribbit
  5329 | D:5      | Reached XP level 9. HP: 57/57 MP: 9/9
  5385 | D:5      | Reached skill level 11 in Ranged Weapons
  5419 | D:5      | Found a staircase to the Ecumenical Temple.
  5564 | Temple   | Entered the Ecumenical Temple
  5875 | D:6      | Noticed Maggie
  5899 | D:6      | Killed Maggie
  5900 | D:6      | Reached skill level 12 in Ranged Weapons
  5925 | D:6      | Noticed Duvessa
  5926 | D:6      | Noticed Dowan
  6080 | D:6      | Killed Duvessa
  6081 | D:6      | Reached skill level 13 in Ranged Weapons
  6082 | D:6      | Killed Dowan
  6354 | D:6      | Found a sacrificial altar of Ru.
  6393 | D:6      | Found a burning altar of Makhleb.
  6425 | D:6      | Reached skill level 14 in Ranged Weapons
  6475 | D:6      | Reached skill level 1 in Armour
  6487 | D:6      | Found Etadabop's Jewellery Emporium.
  6614 | D:6      | Reached XP level 10. HP: 63/63 MP: 10/10
  6869 | D:7      | Found a shimmering blue altar of Sif Muna.
  7039 | D:7      | Reached skill level 1 in Evocations
  7054 | D:7      | Found a bloodstained altar of Trog.
  7369 | D:7      | Found a sparkling altar of Nemelex Xobeh.
  7513 | D:7      | Reached skill level 5 in Evocations
  7748 | D:8      | Identified a scroll of acquirement
  7748 | D:8      | Acquired the +12 shortbow "Acaylun" {heavy, rC+++ Dex-5
                  | Stlth+}
  7864 | D:8      | Found a radiant altar of Vehumet.
  7866 | D:8      | Found an opulent altar of Gozag.
  7867 | D:8      | Found a blossoming altar of Fedhas.
  7867 | D:8      | Found a hazy altar of Hepliaklqana.
  7872 | D:8      | Became a worshipper of Hepliaklqana the Forgotten
  8007 | D:8      | Found a flagged portal.
  8013 | Bailey   | Entered a bailey
  8037 | Bailey   | Reached skill level 15 in Ranged Weapons
  8170 | Bailey   | Noticed an orc warlord
  8195 | Bailey   | Killed an orc warlord
  8196 | Bailey   | Reached skill level 16 in Ranged Weapons
  8196 | Bailey   | Reached XP level 11. HP: 49/67 MP: 11/11
  8463 | D:8      | Noticed Grum
  8468 | D:8      | Killed Grum
  8755 | D:8      | Reached * piety under Hepliaklqana
  8775 | D:8      | Found a glowing golden altar of the Shining One.
  8973 | D:8      | Found Odghor's Distillery.
  8977 | D:8      | Bought a potion of degeneration for 12 gold pieces
  8978 | D:8      | Bought a potion of mutation for 96 gold pieces
  8978 | D:8      | Bought a potion of mutation for 96 gold pieces
  8980 | D:8      | Reached XP level 12. HP: 64/64 MP: 12/12
  8981 | D:8      | Gained mutation: You are agile. (Dex +4, Str/Int -1)
                  | [potion of mutation]
  8981 | D:8      | Gained mutation: You occasionally lose the ability to read
                  | scrolls when taking damage. [potion of mutation]
  8981 | D:8      | Gained mutation: Armour fits poorly on your strangely
                  | shaped body. [potion of mutation]
  8982 | D:8      | Lost mutation: Armour fits poorly on your strangely shaped
                  | body. [potion of mutation]
  8982 | D:8      | Lost mutation: You are agile. (Dex +4, Str/Int -1) [potion
                  | of mutation]
  8982 | D:8      | Gained mutation: You have sharp fingernails. [potion of
                  | mutation]
  8982 | D:8      | Lost mutation: You occasionally lose the ability to read
                  | scrolls when taking damage. [potion of mutation]
  8983 | D:8      | Lost mutation: You have sharp fingernails. [potion of
                  | mutation]
  8983 | D:8      | Gained mutation: Armour fits poorly on your strangely
                  | shaped body. [potion of mutation]
  8983 | D:8      | Gained mutation: You are partially covered in large bone
                  | plates. (SH +4) [potion of mutation]
  8983 | D:8      | Gained mutation: Your flesh is cold resistant. (rC+)
                  | [potion of mutation]
  9755 | D:9      | Reached ** piety under Hepliaklqana
  9756 | D:9      | Remembered your ancestor Appia as a knight
  9869 | D:10     | Entered Level 10 of the Dungeon
  9869 | D:10     | Noticed a two-headed ogre
  9872 | D:10     | Killed a two-headed ogre
  9954 | D:10     | Found a shimmering altar of Xom.
 10117 | D:10     | Found a staircase to the Lair.
 10294 | D:10     | Found an ancient bone altar of Kikubaaqudgha.
 10500 | Lair:1   | Entered Level 1 of the Lair of Beasts
 10505 | Lair:1   | Reached skill level 10 in Fighting
 10695 | Lair:1   | Identified the +9 spear of Interdependent Arising {freeze,
                  | Dex+3 Stlth+}
 10753 | Lair:1   | Reached *** piety under Hepliaklqana
 10762 | Lair:1   | Reached skill level 17 in Ranged Weapons
 11432 | Lair:2   | Learned a level 2 spell: Wereblood
 11432 | Lair:2   | Noticed a seven-headed hydra
 11440 | Lair:2   | Reached XP level 13. HP: 73/73 MP: 13/13
 11443 | Lair:2   | Killed a seven-headed hydra
 11444 | Lair:2   | Reached skill level 1 in Spellcasting
 11444 | Lair:2   | Reached skill level 1 in Transmutations
 11528 | Lair:2   | Found a hole to the Spider Nest.
 11767 | Lair:2   | Found a staircase to the Shoals.
 12051 | Lair:3   | Reached skill level 5 in Spellcasting
 12051 | Lair:3   | Reached skill level 5 in Transmutations
 12407 | Lair:3   | Reached **** piety under Hepliaklqana
 13203 | Lair:4   | Found a runed translucent door.
 13207 | Lair:4   | Noticed a four-headed hydra
 13212 | Lair:4   | Killed a four-headed hydra
 13213 | Lair:4   | Reached skill level 1 in Invocations
 13321 | Lair:5   | Entered Level 5 of the Lair of Beasts
 13436 | Lair:5   | Reached skill level 5 in Invocations
 13635 | Lair:5   | Reached XP level 14. HP: 74/79 MP: 23/23
 13885 | Lair:5   | Found a corrupted altar of Lugonu.
 13895 | Lair:5   | Found a one-way gate to the infinite horrors of the Abyss.
 14229 | Lair:5   | Found a staircase to the Slime Pits.
 15052 | D:11     | Reached skill level 10 in Invocations
 15091 | D:11     | Noticed Erolcha
 15097 | D:11     | Killed Erolcha
 15207 | D:11     | You fall into a shaft and drop 1 floor!
 15330 | D:12     | Reached ***** piety under Hepliaklqana
 15580 | D:12     | Reached skill level 18 in Ranged Weapons
 16016 | D:12     | Found the +3 robe of Clouds {*Thunder rCloud rElec}
 16491 | D:11     | Noticed Psyche
 16492 | D:11     | Killed Psyche
 16551 | D:11     | Found a staircase to the Orcish Mines.
 16585 | Orc:1    | Entered Level 1 of the Orcish Mines
 16766 | Orc:2    | Entered Level 2 of the Orcish Mines
 16800 | Orc:2    | Noticed Maurice
 16805 | Orc:2    | Killed Maurice
 16806 | Orc:2    | Reached skill level 19 in Ranged Weapons
 16806 | Orc:2    | Reached XP level 15. HP: 82/82 MP: 24/24
 16936 | Orc:2    | Found a staircase to the Elven Halls.
 17180 | Orc:2    | Reached skill level 20 in Ranged Weapons
 17460 | Orc:2    | Found Perphin's Antique Armour Boutique.
 17460 | Orc:2    | Found Ehuoj's Book Shop.
 17464 | Orc:2    | Found a one-way gate leading to the halls of Pandemonium.
 17468 | Orc:2    | Bought a book of Weapons for 392 gold pieces
 17504 | Orc:2    | Noticed Saint Roka
 17516 | Orc:2    | Killed Saint Roka
 17517 | Orc:2    | Reached skill level 1 in Translocations
 18009 | Orc:2    | Found Cevenaes's General Store.
 18011 | Orc:2    | Found Roereil's Distillery.
 18014 | Orc:2    | Bought a potion of mutation for 136 gold pieces
 18016 | Orc:2    | Bought a potion of mutation for 128 gold pieces
 18018 | Orc:2    | Lost mutation: You are partially covered in large bone
                  | plates. (SH +4) [potion of mutation]
 18018 | Orc:2    | Lost mutation: Armour fits poorly on your strangely shaped
                  | body. [potion of mutation]
 18018 | Orc:2    | Gained mutation: You passively map a small area around you.
                  | [potion of mutation]
 18018 | Orc:2    | Gained mutation: You are agile. (Dex +4, Str/Int -1)
                  | [potion of mutation]
 18196 | Orc:1    | Learned a level 3 spell: Portal Projectile
 18509 | Orc:2    | Bought a book of Callings for 280 gold pieces
 18509 | Orc:2    | Bought a manual of Summonings for 1120 gold pieces
 18725 | Spider:1 | Entered Level 1 of the Spider Nest
 18785 | Lair:2   | Reached XP level 16. HP: 30/87 MP: 25/25
 19222 | Spider:1 | Reached skill level 5 in Hexes
 19223 | Spider:1 | Reached skill level 5 in Translocations
 20305 | Spider:1 | Reached skill level 1 in Summonings
 20368 | Spider:2 | Reached skill level 5 in Summonings
 20398 | Spider:2 | Learned a level 3 spell: Summon Guardian Golem
 20415 | Spider:2 | Slain by a steelbarb worm

Illustrated notes

Levels and vault maps discovered:
D:1:      elethiomel_arrival_shortcut, layout_loops_corners,
          supply_closet_lemuel, minivault_26
D:2:      layout_basic, shapermc_ecumenical_altar_acropolis, minmay_3d_cube
D:3:      layout_loops_corners, minmay_ogre_servants, uniq_sigmund
D:4:      layout_basic, elyvilon_altar_4, kennysheep_slug_shrine, serial_shops,
          nicolae_shop_bloodbath_and_beyond
D:5:      layout_rooms, temple_pool_b, uniq_edmund, uniq_prince_ribbit1,
          uniq_eustachio
D:6:      minmay_flawed_box, layout_cave_pools, kennysheep_mini_moat,
          lightli_temple_of_fire, serial_shops, shop, uniq_maggie, uniq_duvessa
D:7:      layout_cave_pods, nicolae_overflow_crystal_walls,
          trog_ov_bears_minmay, nemelex_xobeh_ov_fountains_minmay
D:8:      layout_cave_pools, mainiacjoe_overflow_24_doors,
          mainiacjoe_overflow_alcove_3, serial_gnoll_camp, gnoll_camp_mini_shop,
          gnoll_camp_mini_sergeant, gnoll_camp_mini_house, gnoll_camp_mini_hut,
          grums_kennel, gnoll_camp_mini_basic, enter_bailey_4, moated_statue
D:9:      layout_roguey
D:10:     layout_rooms, kiku_gazebo_pond_becter, lemuel_round_altar,
          david_lair_shrubbed
D:11:     layout_loops_ring, orc_0_dummy, uniq_nergalle, uniq_erolcha,
          uniq_psyche
D:12:     layout_roguey
Temple:   nicolae_temple_ecumenical_triangle
Lair:1:   layout_hall_layers, grunt_megastairs_3, infiniplex_staircase_pool_2,
          serial_bayou_shore_a, serial_bayou_shore_b
Lair:2:   layout_roguey, shoals_dummy_entry, spider_nest_entry_a,
          lemuel_fruit_fields
Lair:3:   layout_big_grid, lemuel_fruit_fields
Lair:4:   layout_loops_ring, st_stairs_5, pf_torpor_hydra
Lair:5:   hellmonk_lair_end_abyssal_woods, layout_regular_city, slime_entry_1,
          grunt_megastairs_4
Spider:1: layout_cave_pods
Spider:2: nicolae_spider_corner, gammafunk_ghost_arena, uniq_nikola,
          uniq_frances
Orc:1:    lemuel_ogre_cave, layout_caves
Orc:2:    pf_orc_diabolical, layout_diamond_mine, uniq_saint_roka, uniq_maurice

Skill      XL: |  1  2  3  4  5  6  7  8  9 10 11 12 13 14 15 16 |
---------------+-------------------------------------------------+-----
Fighting       | 3 4 5 7 10 | 10.0
Ranged Weapons | 6 8 9 10 14 16 17 19 20 | 20.0
Dodging        | 4 6 7 11 14 | 14.0
Armour         | 2 4 6 |  6.7
Evocations     | 5 8 |  8.0
Spellcasting   | 6 |  6.0
Transmutations | 6 |  6.0
Invocations    | 6 10 | 10.0
Hexes          | 4 8 |  8.0
Translocations | 4 5 |  5.0
Summonings     | 5 |  5.6
Stealth        | |  1.3

Action                     |  1- 3 |  4- 6 |  7- 9 | 10-12 | 13-15 | 16-18 || total
---------------------------+-------+-------+-------+-------+-------+-------++-------
   Fire: Shortbow          |    83 |   127 |   353 |   422 |   728 |   144 ||  1857
   Cast: Wereblood         |       |       |       |       |    21 |     8 ||    29
         Portal Projectile |       |       |       |       |       |     3 ||     3
 Invoke: Ancestor Life: Kn |       |       |       |     1 |       |       ||     1
         Idealise          |       |       |       |       |     3 |       ||     3
         Transference      |       |       |       |       |     1 |       ||     1
         Recall Ancestor   |       |       |       |       |     2 |       ||     2
  Evoke: Wand              |       |       |       |     3 |     1 |     1 ||     5
    Use: Scroll            |     3 |     5 |     9 |     6 |       |     1 ||    24
         Potion            |     1 |     2 |     1 |     5 |     5 |     1 ||    15
 Armour: Leather armour    |     7 |    11 |       |       |       |       ||    18
         Ring mail         |       |     5 |   182 |    49 |    41 |       ||   277
         Robe              |       |       |       |       |    20 |    16 ||    36
  Dodge: Dodged            |    40 |    39 |   265 |   132 |   281 |   130 ||   887
         Repelled          |       |     1 |     3 |       |     3 |       ||     7
  Block: Other             |       |       |       |     9 |    43 |       ||    52

Table legend: (Time is in decaauts)
 A = Elapsed time spent in this place.
 B = Non-inter-level travel time spent in this place.
 C = Inter-level travel time spent in this place.
 D = Time resting spent in this place.
 E = Time spent auto-exploring this place.
 F = Levels seen in this place.
 G = Mean time per level.
                   A        B        C        D        E       F      G
               +--------+--------+--------+--------+--------+-----+--------+
         Total |  20721 |  19609 |   1112 |   2053 |  14028 |  23 |  900.9 |
       Dungeon |  12039 |  11401 |    638 |   1018 |   8394 |  12 | 1003.2 |
        Temple |     48 |     43 |      5 |      0 |     34 |   1 |   48.0 |
          Lair |   4952 |   4678 |    274 |    575 |   3472 |   5 |  990.4 |
   Spider Nest |   1291 |   1278 |     13 |    192 |    821 |   2 |  645.5 |
  Orcish Mines |   1982 |   1802 |    180 |    268 |   1093 |   2 |  991.0 |
        Bailey |    406 |    406 |      0 |      0 |    213 |   1 |  406.0 |
               +--------+--------+--------+--------+--------+-----+--------+

Top non-repeatable levels by time:
     D:2: 1556 daAuts
     D:3: 1533 daAuts
  Lair:5: 1495 daAuts
   Orc:2: 1407 daAuts
Spider:1: 1206 daAuts
    D:12: 1116 daAuts
  Lair:2: 1113 daAuts
     D:1: 1039 daAuts
     D:5: 1022 daAuts
     D:7: 1021 daAuts
  Lair:1: 951 daAuts
     D:8: 930 daAuts
     D:4: 895 daAuts
     D:9: 864 daAuts
  Lair:4: 808 daAuts
